 Dungeon Crawl Stone Soup version 0.31-a0-348-g810772c3d7 (webtiles) character file.

Game seed: 1935512218125750456

9 AdnanSaban the Trooper (level 2, 0/19 HPs)
             Began as a Gargoyle Fighter on July 22, 2023.
             Slain by a kobold
             ... wielding a +0 club
              (4 damage)
             ... on level 1 of the Dungeon.
             The game lasted 00:00:17 (268 turns).

AdnanSaban the Trooper (Gargoyle Fighter)            Turns: 268, Time: 00:00:17

Health: 0/19       AC:  9    Str: 19    XL:     2   Next: 16%
Magic:  2/2        EV:  9    Int:  8    God:
Gold:   0          SH:  4    Dex:  9    Spells: 1/1 levels left

rFire   . . .        a - +0 flail
rCold   . . .        c - +0 buckler
rNeg    + . .        b - +0 scale mail
rPois   ∞            (no helmet)
rElec   +            (no cloak)
rCorr   .            (no gloves)
SInv    .            (no boots)
Will    .....        (no amulet) Stlth
                     (no ring)
HPRegen 0.23/turn    (no ring)
MPRegen 0.08/turn

%: no passive effects
@: no status effects
A: sickness immunity, AC +2, negative energy resistance 1, electricity
resistance, torment resistance 1, petrification resistance
a: no special abilities


You were on level 1 of the Dungeon.
You visited 1 branch of the dungeon, and saw 1 of its levels.

Inventory:

Hand Weapons
 a - a +0 flail (weapon)
Armour
 b - a +0 scale mail (worn)
 c - a +0 buckler (worn)
Scrolls
 e - a scroll of silence {unknown}
Potions
 d - a potion of might


   Skills:
 + Level 3.5 Fighting
 + Level 2.1 Maces & Flails
 + Level 3.5 Armour
 + Level 3.4 Shields


You had one spell level left.
You didn't know any spells.
Your spell library was empty.

Dungeon Overview and Level Annotations

Branches:
Dungeon (1/15)

Altars:


Innate Abilities, Weirdness & Mutations

You are immune to sickness and miasma.
Your stone body is resilient. (AC +2)
You are immune to poison.
You resist negative energy. (rN+)
You are resistant to electric shocks. (rElec)
You are resistant to unholy torment.
You are immune to petrification.


Message History

a +1 sling of flaming; a rat corpse A bat comes into view.
A hobgoblin comes into view.
The bat enters a dispersal trap!
The hobgoblin blinks!
You blink.
Found a stone staircase leading down.
The bat blinks!
The gnoll shouts!
You hear a shout!
The bat hits you but does no damage.
You closely miss the hobgoblin. You block the bat's attack.
The hobgoblin closely misses you. The bat hits you.
You hit the hobgoblin.
The hobgoblin is heavily wounded.
The bat hits you but does no damage. You block the bat's attack.
The hobgoblin hits you but does no damage.
You block the bat's attack. The gnoll hits you with a +0 flail.
A kobold comes into view. It is wielding a +0 club.
The hobgoblin hits you.
You barely miss the hobgoblin.
The hobgoblin is heavily wounded.
The kobold shouts!
The bat hits you but does no damage. The bat hits you.
You block the bat's attack. The hobgoblin closely misses you.
A hobgoblin comes into view.
The gnoll hits you with a +0 flail. The gnoll hits you with a +0 flail.
You closely miss the bat. The bat closely misses you.
The bat hits you but does no damage. The hobgoblin hits you.
The gnoll hits you with a +0 flail.
* * * LOW HITPOINT WARNING * * *
You block the gnoll's attack. The hobgoblin barely misses you.
The hobgoblin attacks as you move away! You block the hobgoblin's attack.
The bat closely misses you. x2
The bat hits you but does no damage. The kobold attacks as you move away!
The kobold hits you with a +0 club.
* * * LOW HITPOINT WARNING * * *
The bat attacks as you move away! The bat hits you but does no damage.
The bat barely misses you. The kobold hits you but does no damage.
The hobgoblin hits you but does no damage.
The bat barely misses you. The kobold attacks as you move away!
The kobold hits you with a +0 club.
You die...

# #....†)......#
..##########....####....#
#...#...........# ####.#
#.....###.....# .#
#......##.....# .#
#.#.#..##....## #
#.#...#..#.#
..#.#.#)#....#g#####
........##....bg@..#
....#.........gK##>.....
.. #...........# #####
....^.........#
..##...........# ##
.............#
..............#
..............#
..............#


You could see a gnoll, 2 hobgoblins, a bat and a kobold.

Vanquished Creatures
  2 giant cockroaches (D:1)
  A hobgoblin (D:1)
  2 kobolds (D:1)
  2 ball pythons (D:1)
  A rat (D:1)
8 creatures vanquished.

Notes
Turn   | Place    | Note
-------+----------+-------------------------------------------
     0 | D:1      | AdnanSaban the Gargoyle Fighter began the quest for the
                  | Orb.
     0 | D:1      | Reached XP level 1. HP: 14/14 MP: 1/1
   210 | D:1      | Reached XP level 2. HP: 19/19 MP: 2/2
   268 | D:1      | Slain by a kobold

Illustrated notes

Levels and vault maps discovered:
D:1:      dpeg_arrival_water_fire, layout_basic,
          hellmonk_ecumenical_altar_blasted, chequers_serial_rivers_micro_c

Action                     || total
---------------------------++-------
  Melee: Flail             ||    26
 Armour: Scale mail        ||    17
  Dodge: Dodged            ||    14
  Block: Buckler           ||    12

Table legend: (Time is in decaauts)
 A = Elapsed time spent in this place.
 B = Non-inter-level travel time spent in this place.
 C = Inter-level travel time spent in this place.
 D = Time resting spent in this place.
 E = Time spent auto-exploring this place.
 F = Levels seen in this place.
 G = Mean time per level.
                   A        B        C        D        E       F      G
               +--------+--------+--------+--------+--------+-----+--------+
         Total |    279 |    279 |      0 |      0 |    209 |   1 |  279.0 |
       Dungeon |    279 |    279 |      0 |      0 |    209 |   1 |  279.0 |
               +--------+--------+--------+--------+--------+-----+--------+

Top non-repeatable levels by time:
     D:1: 279 daAuts
